AoeStats
← tarepo

Black Forest

504022072Analyzed
4v4 RM · 27d ago on Sep 3, 2026· 55m 16s· 8 players
Game mode
Random Map
Map size
Large (8 player)
Population
200
Speed
Normal
Resources
Standard
Victory
Conquest
Starting age
Dark Age
Ending age
Imperial Age
RankedLock teamsTeams togetherTeam positionsShared explorationLock speedFull tech treeHidden civsTurbo modeCheats
Victory
Defeat
🇵🇪 Franks · Peru
760
+9
678
+13
🇺🇸 Turks · United States
614
+16
🇮🇳 Huns · India
540
+19
🇪🇸 Spanish · Spain
653
-16
🇹🇷 Bohemians · Türkiye
604
-14
🇸🇰 Cumans · Slovakia
594
-14
🇨🇭 Persians · Switzerland
574
-13
lleixa89
15:58 Feudal Age
17:20 Horse Collar
18:18 Wheelbarrow
17:52 Double-Bit Axe
23:29 Man-at-Arms
24:05 Gold Mining
24:08 Stone Mining
27:19 Castle Age
29:22 Hand Cart
30:02 Stone Shaft Mining
29:42 Bow Saw
29:36 Heavy Plow
29:51 Forging
34:41 Iron Casting
34:13 Scale Barding Armor
34:09 Scale Mail Armor
35:32 Coinage
35:03 Caravan
38:47 Chain Barding Armor
38:30 Padded Archer Armor
38:21 Fletching
38:46 Chain Mail Armor
41:12 Imperial Age
39:05 Husbandry
43:45 Bloodlines
42:56 Light Cavalry
42:57 Cavalier
44:29 Supremacy
44:10 Inquisition
46:11 Blast Furnace
45:42 Plate Mail Armor
45:48 Plate Barding Armor
45:28 Leather Archer Armor
46:21 Bodkin Arrow
46:52 Sanctity
47:11 Ballistics
47:04 Masonry
49:34 Two-Man Saw
49:41 Guilds
50:01 Banking
49:36 Elite Skirmisher
51:16 Devotion
52:21 Chemistry
51:17 Long Swordsman
51:18 Pikeman
Slopers
10:44 Feudal Age
15:45 Double-Bit Axe
16:00 Horse Collar
23:13 Wheelbarrow
23:29 Fishing Lines
24:03 Gold Mining
24:05 Stone Mining
27:41 Castle Age
25:31 Town Watch
25:33 Loom
26:40 Padded Archer Armor
26:30 Fletching
28:08 Forging
27:58 Scale Mail Armor
28:03 Scale Barding Armor
28:48 Gillnets
29:05 Heavy Plow
29:20 Bow Saw
29:48 Gold Shaft Mining
30:39 Hand Cart
31:24 Iron Casting
31:05 Chain Mail Armor
31:40 Bodkin Arrow
32:00 Leather Archer Armor
32:02 Chain Mail Armor
32:41 Town Patrol
34:23 Chain Barding Armor
36:43 Imperial Age
36:21 Heated Shot
36:51 Ballistics
36:44 Caravan
37:14 Coinage
38:27 Chemistry
37:18 Elite Kipchak
41:13 Parthian Tactics
40:54 Thumb Ring
41:47 Crop Rotation
42:21 Two-Man Saw
41:35 Cuman Mercenaries
41:45 Steppe Husbandry
45:04 Ring Archer Armor
45:05 Plate Mail Armor
45:10 Plate Barding Armor
45:36 Blast Furnace
47:02 Murder Holes
47:19 Masonry
47:24 Onager
48:49 Pikeman
49:32 Squires
49:17 Arson
50:00 Bloodlines
53:23 Man-at-Arms
53:26 Halberdier
tarepo
5:32 Loom
11:17 Feudal Age
18:13 Castle Age
16:33 Stone Mining
16:35 Double-Bit Axe
16:51 Gold Mining
17:28 Horse Collar
19:59 Wheelbarrow
20:06 Bow Saw
24:23 Hand Cart
26:04 Town Watch
33:23 Gold Shaft Mining
39:26 Imperial Age
37:17 Heavy Plow
37:25 Husbandry
37:35 Bloodlines
37:37 Scale Barding Armor
37:42 Forging
38:30 Town Patrol
40:10 Stone Shaft Mining
39:03 Cavalier
42:42 Conscription
41:44 Elite War Elephant
43:27 Chain Barding Armor
43:43 Iron Casting
44:51 Two-Man Saw
45:07 Chemistry
44:18 Masonry
44:04 Murder Holes
45:58 Crop Rotation
46:17 Plate Barding Armor
46:42 Blast Furnace
45:43 Scale Mail Armor
46:28 Architecture
47:25 Savar
49:46 Chain Mail Armor
52:35 Plate Mail Armor
51:56 Pikeman
52:37 Squires
emrecankurttt54
0:35 Loom
16:51 Feudal Age
18:33 Horse Collar
18:43 Double-Bit Axe
23:12 Town Watch
24:03 Wheelbarrow
23:33 Fishing Lines
29:27 Castle Age
30:18 Caravan
30:37 Forging
30:28 Scale Mail Armor
30:23 Gillnets
30:33 Man-at-Arms
30:58 Arson
31:15 Squires
30:35 Pikeman
31:31 Bow Saw
31:58 Long Swordsman
33:22 Coinage
33:56 Chemistry
32:39 Treadmill Crane
38:03 Imperial Age
36:38 Redemption
37:47 Hand Cart
37:33 Town Patrol
39:00 Fortified Wall
39:01 Masonry
39:05 Guilds
38:20 Two-Handed Swordsman
38:20 Halberdier
40:39 Heavy Plow
41:42 Two-Man Saw
41:47 Murder Holes
41:34 Champion
43:24 Banking
48:58 Iron Casting
48:39 Chain Mail Armor
DearestDickSmith
6:57 Loom
14:18 Feudal Age
15:01 Double-Bit Axe
15:19 Horse Collar
21:04 Castle Age
21:54 Heavy Plow
22:09 Bow Saw
21:55 Stone Mining
27:37 Fortified Wall
27:38 Stone Mining
27:43 Gold Mining
32:30 Imperial Age
31:13 Masonry
35:21 Bombard Tower
36:32 Gold Shaft Mining
38:30 Artillery
38:32 Fletching
39:02 Town Watch
39:55 Wheelbarrow
40:01 Husbandry
41:57 Elite Janissary
42:59 Conscription
43:18 Scale Barding Armor
46:04 Town Patrol
50:00 Hoardings
52:05 Bloodlines
52:21 Chain Barding Armor
52:12 Forging
51:57 Bodkin Arrow
52:03 Padded Archer Armor
55:32 Hand Cart
那天人多没轮到我
0:30 Loom
16:50 Feudal Age
18:09 Wheelbarrow
17:20 Horse Collar
17:32 Double-Bit Axe
25:34 Castle Age
27:32 Gold Mining
27:39 Stone Mining
29:04 Hand Cart
28:52 Heavy Plow
29:06 Bow Saw
29:08 Pikeman
29:44 Fletching
30:00 Scale Barding Armor
29:55 Scale Mail Armor
29:56 Padded Archer Armor
32:54 Caravan
33:09 Corvinian Army
37:54 Imperial Age
36:28 Ballistics
36:04 Murder Holes
35:51 Treadmill Crane
36:22 Masonry
39:44 Chemistry
38:50 Siege Engineers
39:25 Conscription
39:49 Crop Rotation
40:32 Two-Man Saw
42:17 Gold Shaft Mining
41:12 Elite Magyar Huszar
42:29 Hoardings
43:27 Town Watch
43:45 Halberdier
44:11 Arson
44:27 Bodkin Arrow
44:54 Chain Barding Armor
44:49 Chain Mail Armor
46:02 Town Patrol
47:01 Coinage
47:09 Coinage
50:02 Banking
54:56 Bracer
54:57 Padded Archer Armor
55:33 Plate Barding Armor
55:04 Padded Archer Armor
55:05 Bracer
LordRD
13:35 Feudal Age
16:39 Double-Bit Axe
18:49 Wheelbarrow
19:48 Horse Collar
24:20 Castle Age
25:02 Heavy Plow
25:22 Bow Saw
28:58 Husbandry
29:54 Gold Mining
29:55 Stone Mining
35:30 Imperial Age
36:27 Murder Holes
36:55 Ballistics
37:36 Marauders
37:03 Pikeman
38:57 Hand Cart
40:14 Elite Tarkan
41:26 Conscription
42:36 Guilds
43:17 Cavalier
46:36 Scale Barding Armor
46:44 Forging
46:39 Padded Archer Armor
48:22 Paladin
49:20 Bloodlines
48:41 Halberdier
49:18 Town Watch
49:19 Fishing Lines
51:53 Atheism
52:42 Town Patrol
kaifanestro
7:28 Loom
10:29 Feudal Age
11:05 Double-Bit Axe
13:24 Wheelbarrow
23:45 Castle Age
23:18 Stone Mining
26:02 Fletching
26:28 Gold Mining
26:59 Hand Cart
27:04 Bow Saw
28:45 Gold Shaft Mining
29:12 Coinage
31:02 Caravan
34:48 Imperial Age
33:45 Bodkin Arrow
34:01 Forging
33:57 Scale Barding Armor
35:34 Husbandry
36:13 Iron Casting
37:47 Cavalier
38:52 Conscription
39:08 Banking
39:06 Chain Barding Armor
39:47 Blast Furnace
38:55 Chivalry
41:08 Plate Barding Armor
40:52 Paladin
Connection lost

Rejoining the realm…

Still unreachable

The connection could not be restored.

Session expired

The server has moved on; the page needs a fresh start.